 Dungeon Sprint DCSS version 0.30-a0-304-gdc4b735fe1 (webtiles) character file.

Game seed: 9198844460921543101

751 Low2 the Spear-Bearer (level 7, -13/66 HPs)
             Began as a Minotaur Gladiator on Oct 20, 2022.
             Was an Initiate of Kikubaaqudgha.
             Mangled by an ice devil (19 damage)
             ... summoned by a kobold demonologist
             ... in the Dungeon (Sprint I: "Red Sonja").
             The game lasted 00:04:25 (357 turns).

Low2 the Spear-Bearer (Minotaur Gladiator)           Turns: 357, Time: 00:04:29

Health: -13/66     AC: 12    Str: 21    XL:     7   Next: 49%
Magic:  6/6        EV: 14    Int:  5    God:    Kikubaaqudgha [......]
Gold:   96         SH:  0    Dex: 11    Spells: 6/6 levels left

rFire   . . .      SeeInvis .    a - +0 trident
rCold   . . .      Faith    .    (no shield)
rNeg    + . .      Spirit   .    l - +3 ring mail {rN+}
rPois   .          Reflect  .    c - +0 hat
rElec   .          Harm     .    (no cloak)
rCorr   .          Rampage  .    (no gloves)
Will    .....      NoTele   +    (no boots)
Stlth   +.........               (no amulet)
HPRegen 0.31/turn                g - +4 ring of protection
MPRegen 0.10/turn                (no ring)

@: no status effects
A: horns 2, retaliatory headbutt
a: Renounce Religion


You were in the Dungeon.
You worshipped Kikubaaqudgha.
Kikubaaqudgha was noncommittal.
You visited 1 branch You collected 418 gold pieces.
You spent 322 gold pieces at shops.

Inventory:

Hand Weapons
 a - a +0 trident (weapon)
Armour
 c - a +0 hat (worn)
 l - a +3 ring mail of positive energy (worn)
 m - a +2 leather armour of cold resistance
Jewellery
 g - a +4 ring of protection (left hand)
Wands
 d - a wand of flame (9) (quivered)
Potions
 h - a potion of haste
 i - 2 potions of magic
 j - a potion of berserk rage


   Skills:
 + Level 7.6 Fighting
 + Level 12.9 Polearms
 + Level 7.2 Throwing
 + Level 4.2 Armour
 + Level 9.5 Dodging


You had 6 spell levels left.
You didn't know any spells.
Your spell library was empty.

Dungeon Overview and Level Annotations

Branches:
Dungeon (1/1)

Altars:
Cheibriados
Dithmenos
Elyvilon
Fedhas
Gozag
Hepliaklqana
Kikubaaqudgha
Makhleb
Nemelex Xobeh
Okawaru
Qazlal
Ru
Sif Muna
Trog
Uskayaw
Vehumet
Wu Jian
Xom
Yredelemnul
Zin
The Shining One
Jiyva
Lugonu

Shops:
D [


Innate Abilities, Weirdness & Mutations

You have a pair of horns on your head.
You reflexively headbutt those who attack you in melee.


Message History

As you read the scroll of blinking, it crumbles to dust.
Aiming: Throw Flame
Press: ? - help, Q - select action Shift-Dir - straight line, f - ice devil
Aim: an ice devil (moderately wounded, summoned, 68% to hit)
The puff of flame hits the ice devil but does no damage.
The ice devil is moderately wounded.
The kobold demonologist casts a cantrip, but nothing happens.
As you read the scroll labelled JYZEMIAGIC, it crumbles to dust.
The scroll dissolves into smoke.
It was a scroll of fog.
Aiming: Throw Flame
Press: ? - help, Q - select action Shift-Dir - straight line, f/p - ice devil
Aim: an ice devil (blue smoke, moderately wounded, summoned, 68% to hit)
The puff of flame hits the ice devil.
The ice devil is moderately wounded.
Aiming: Throw Flame
Press: ? - help, Q - select action Shift-Dir - straight line, f/p - ice devil
Aim: an ice devil (blue smoke, moderately wounded, summoned, 68% to hit)
The puff of flame hits the ice devil but does no damage.
The ice devil is moderately wounded.
The ice devil hits you. The ice devil freezes you!
* * * LOW HITPOINT WARNING * * *
The kobold demonologist begins to cast a cantrip, but forgets the words!
The ice devil hits you but does no damage.
Keep disrobing? [Y]es or [N]o only, please.
Keep disrobing? [Y]es or [N]o only, please.
Keep disrobing?
Uppercase [Y]es or [N]o only, please.
Keep disrobing?
You stop removing your armour.
You closely miss the ice devil.
The ice devil is moderately wounded.
You closely miss the ice devil. Your headbutt misses the ice devil.
The ice devil is moderately wounded.
The ice devil hits you!
* * * LOW HITPOINT WARNING * * *
The ice devil freezes you!!
You die...
Kikubaaqudgha rasps: "You have failed me!
Welcome... death!"

##########################
#<.#..)..#..§§.#§_#K.'..(#
#..').#..').#§§§§.'..#...#
#..#####'#####§#__#### ..+
#..####..#...#K#### ##
#..#__####..##4#
#..#_____##'#_@+
#⌠⌠#_.∩...'..._#
####_..__##_.#'#
#_____###+#.# ####### ###


You could see an ice devil (summoned) and a kobold demonologist.

Vanquished Creatures
  A slime creature (D)
  Sigmund (D)
  A yak (D)
  A floating eye (D)
  An ogre (D)
  A jelly (D)
  Ijyb (D)
7 creatures vanquished.

Notes
Turn   | Place    | Note
-------+----------+-------------------------------------------
     0 | D        | Low2 the Minotaur Gladiator began the quest for the Orb.
     0 | D        | Reached XP level 1. HP: 18/18 MP: 0/0
     2 | D        | Noticed Ijyb
    16 | D        | Killed Ijyb
    17 | D        | Reached skill level 5 in Polearms
    17 | D        | Reached XP level 2. HP: 26/26 MP: 1/1
    35 | D        | Noticed an ogre
    43 | D        | Killed an ogre
    44 | D        | Reached skill level 7 in Polearms
    44 | D        | Reached XP level 3. HP: 34/34 MP: 2/2
    44 | D        | Reached XP level 4. HP: 41/41 MP: 3/3
    59 | D        | Noticed Sigmund
    83 | D        | Killed Sigmund
    84 | D        | Reached skill level 5 in Fighting
    84 | D        | Reached skill level 10 in Polearms
    84 | D        | Reached skill level 5 in Throwing
    84 | D        | Reached XP level 5. HP: 39/50 MP: 4/4
    84 | D        | Reached XP level 6. HP: 44/57 MP: 5/5
   127 | D        | Found an ornate altar of the Wu Jian Council.
   127 | D        | Found a shimmering blue altar of Sif Muna.
   130 | D        | Found a radiant altar of Vehumet.
   173 | D        | Found Hacit's Armour Emporium.
   173 | D        | Found an ancient bone altar of Kikubaaqudgha.
   173 | D        | Found a hazy altar of Hepliaklqana.
   173 | D        | Found a stormy altar of Qazlal.
   173 | D        | Found a hide-covered altar of Uskayaw.
   173 | D        | Found a blossoming altar of Fedhas.
   173 | D        | Found a bloodstained altar of Trog.
   173 | D        | Found an iron altar of Okawaru.
   173 | D        | Found a basalt altar of Yredelemnul.
   173 | D        | Found a glowing golden altar of the Shining One.
   173 | D        | Found a snail-covered altar of Cheibriados.
   173 | D        | Found a sacrificial altar of Ru.
   173 | D        | Found a glowing silver altar of Zin.
   173 | D        | Found a shadowy altar of Dithmenos.
   173 | D        | Found a white marble altar of Elyvilon.
   173 | D        | Noticed a yak
   183 | D        | Killed a yak
   184 | D        | Reached skill level 11 in Polearms
   184 | D        | Found an opulent altar of Gozag.
   185 | D        | Found a sparkling altar of Nemelex Xobeh.
   193 | D        | Became a worshipper of Kikubaaqudgha
   211 | D        | Found a burning altar of Makhleb.
   211 | D        | Found a viscous altar of Jiyva.
   211 | D        | Found a shimmering altar of Xom.
   211 | D        | Found a corrupted altar of Lugonu.
   211 | D        | Noticed a slime creature
   222 | D        | Killed a slime creature
   223 | D        | Reached skill level 12 in Polearms
   223 | D        | Reached XP level 7. HP: 49/66 MP: 6/6
   290 | D        | Bought a +3 ring mail of positive energy for 322 gold
                  | pieces
   333 | D        | Noticed a kobold demonologist
   343 | D        | Noticed an ice devil
   357 | D        | Mangled by an ice devil

Illustrated notes

Levels and vault maps discovered:
D:        dungeon_sprint_1 [red_sonja_temple_1, red_sonja_temple_small_1]

Skill      XL: |  1  2  3  4  5  6  7 |
---------------+----------------------+-----
Fighting       | 3 4 5 7 |  7.6
Polearms       | 5 7 10 12 | 12.9
Dodging        | 4 6 8 9 |  9.5
Throwing       | 3 5 6 7 |  7.2
Armour         | 2 4 |  4.2

Action                   |  1- 3 |  4- 6 |  7- 9 || total
-------------------------+-------+-------+-------++-------
Melee: Trident           |    14 |    38 |     8 ||    60
       Headbutt          |     1 |     5 |       ||     6
Throw: Throwing net      |     5 |     4 |       ||     9
       Javelin           |     2 |     2 |     1 ||     5
Evoke: Wand              |       |       |     8 ||     8
  Use: Potion            |       |     2 |       ||     2
       Scroll            |       |       |     2 ||     2
Armor: Leather armour    |     1 |     3 |       ||     4
       Ring mail         |       |       |     5 ||     5
Dodge: Dodged            |     6 |     8 |     6 ||    20

Table legend: (Time is in decaauts)
 A = Elapsed time spent in this place.
 B = Non-inter-level travel time spent in this place.
 C = Inter-level travel time spent in this place.
 D = Time resting spent in this place.
 E = Time spent auto-exploring this place.
 F = Levels seen in this place.
 G = Mean time per level.
                   A        B        C        D        E       F      G
               +--------+--------+--------+--------+--------+-----+--------+
         Total |    348 |    348 |      0 |     28 |      0 |   1 |  348.0 |
       Dungeon |    348 |    348 |      0 |     28 |      0 |   1 |  348.0 |
               +--------+--------+--------+--------+--------+-----+--------+

Top non-repeatable levels by time:
       D: 348 daAuts
